 Dungeon Crawl Stone Soup version 0.29.1-15-g9cfb28693d (webtiles) character file.

Game seed: 14926588348529038599

66 pokedragonboy the Sneak (level 3, -2/19 HPs)
             Began as a Vampire Enchanter on Mar 12, 2023.
             Slain by a gnoll
             ... wielding a +0 flail
              (8 damage)
             ... on level 2 of the Dungeon.
             The game lasted 00:03:14 (1957 turns).

pokedragonboy the Sneak (Vampire Enchanter)         Turns: 1957, Time: 00:03:15

Health: -2/19      AC:  4    Str:  7    XL:     3   Next: 96%
Magic:  6/6        EV: 12    Int: 17    God:
Gold:   57         SH:  0    Dex: 16    Spells: 4/6 levels left

rFire   . . .      SeeInvis +   a - +1 dagger
rCold   + + .      Faith    .   (no shield)
rNeg    + + +      Spirit   .   b - +0 robe
rPois   ∞          Reflect  .   (no helmet)
rElec   .          Harm     .   d - +1 cloak
rCorr   .          Rampage  .   (no gloves)
Will    .....                   (no boots)
Stlth   +++++.....              (no amulet)
HPRegen 0.00/turn               (no ring)
MPRegen 0.10/turn               (no ring)

@: bloodless, inhibited regen, invisible
A: bloodless, fangs 3, see invisible, vampiric 2
a: Bat Form, Revivify


You were on level 2 of the Dungeon.
You visited 1 branch of the dungeon, and saw 2 of its levels.

You collected 57 gold pieces.

Inventory:

Hand Weapons
 a - a +1 dagger (weapon)
Missiles
 i - a throwing net (quivered)
Armour
 b - a +0 robe (worn)
 d - a +1 cloak (worn)
Scrolls
 e - 2 scrolls of noise {unknown}
 f - a scroll of magic mapping {unknown}
 g - a scroll of poison {unknown}
 j - a scroll of identify {unknown}
 k - a scroll of torment {unknown}
Potions
 h - a potion of flight {unknown}
 l - a potion of brilliance {unknown}


   Skills:
 * Level 2.7 Short Blades
 - Level 2.1 Dodging
 * Level 5.8 Stealth
 - Level 2.0 Spellcasting
 + Level 5.1 Hexes


You had 4 spell levels left.
You knew the following spells:

 Your Spells              Type           Power      Damage    Failure   Level
a - Ensorcelled Hibernat  Hex/Ice        20%        N/A       11%         2

Your spell library contained the following spells:

 Spells                   Type           Power      Damage    Failure   Level
 Confusing Touch          Hex            19%        N/A       7%          3
 Tukima's Dance           Hex            19%        N/A       7%          3
 Dazzling Flash           Conj/Hex       20%        N/A       21%         3


Dungeon Overview and Level Annotations

Branches:
Dungeon (2/15)

Altars:


Innate Abilities, Weirdness & Mutations

You do not regenerate when monsters are visible.
You are frail without blood (-20% HP).
You can heal yourself when you bite living creatures.
You are immune to poison.
You have razor-sharp teeth.
You have supernaturally acute eyesight. (SInv)
You are afflicted with vampirism and can become a bat while bloodless.


Message History

The endoplasm is heavily wounded.
The endoplasm freezes you.
You are frozen.
You resist. The goblin hits you with a +0 dagger.
You hit the endoplasm.
The endoplasm is severely wounded.
The endoplasm hits you but does no damage.
The goblin completely misses you.
You hit the endoplasm.
You kill the endoplasm!
The goblin hits you with a +0 dagger.
You barely miss the goblin. The goblin hits you with a +0 dagger.
You closely miss the goblin. The goblin hits you with a +0 dagger.
You hit the goblin.
The goblin is severely wounded.
The goblin hits you with a +0 dagger.
You are too injured to fight recklessly!
You are too injured to fight recklessly!
You hit the goblin.
You kill the goblin!
You see here a +0 dagger.
You start resting.
HP restored.
You see here a +0 dagger.
Found a spear. 2 gnolls come into view.
The gnoll shouts!
You hear a shout! x2
An adder comes into view.
A gnoll comes into view. It is wielding a +0 flail.
The gnoll moves out of view. x2
You hear a shout!
The gnoll shouts!
You hear a shout!
You hear a shout!
The gnoll barely misses you. The gnoll hits you with a +0 spear.
The gnoll attacks as you move away! The gnoll closely misses you. x2
The gnoll attacks as you move away! The gnoll hits you with a +0 flail!
Ouch! That really hurt!
Okay, then.
You fade into invisibility!
The gnoll hits you with a +0 flail!
You die...

######.####.#####
#...............#
...####.########.#
#.# . ##.# #..#
#.## #.# #@# # #
#g# #S. # #g# ...#
# #######g#
##....# #
.......g##.......
#
######)...g......
# #.###.g..... #
#. .#....########
#. .# ..$........


You could see 4 gnolls.

Vanquished Creatures
  2 adders (D:2)
  A dart slug (D:1)
  5 endoplasms
  4 giant cockroaches (D:1)
  6 goblins
  7 hobgoblins
  A quokka (D:2)
  4 ball pythons
  2 frilled lizards (D:1)
  5 kobolds
  3 rats
40 creatures vanquished.

Notes
Turn   | Place    | Note
-------+----------+-------------------------------------------
     0 | D:1      | pokedragonboy the Vampire Enchanter began the quest for the
                  | Orb.
     0 | D:1      | Reached XP level 1. HP: 13/13 MP: 3/3
   152 | D:1      | Reached XP level 2. HP: 11/19 MP: 5/5
   234 | D:1      | Reached skill level 5 in Stealth
   490 | D:1      | Found a faded altar of an unknown god.
   924 | D:2      | Gained mutation: You are afflicted with vampirism and can
                  | become a bat while bloodless. [Vampire growth]
   924 | D:2      | Reached XP level 3. HP: 13/19 MP: 6/6
  1478 | D:2      | Learned a level 2 spell: Ensorcelled Hibernation
  1536 | D:2      | Reached skill level 5 in Hexes
  1957 | D:2      | Slain by a gnoll

Illustrated notes

Levels and vault maps discovered:
D:1:      dpeg_arrival_windows_large_door, layout_rooms,
          hellmonk_ecumenical_altar_slurped_away
D:2:      layout_loops_ring, kennysheep_big_empty_room

Skill      XL: |  1  2  3 |
---------------+----------+-----
Stealth        | 5 |  5.8
Short Blades   | 2 |  2.7
Hexes          | 5 |  5.1
Dodging        | |  2.1
Spellcasting   | |  2.0

Action                   || total
-------------------------++-------
Melee: Dagger            ||   129
       Punch             ||     3
       Bite              ||     9
 Abil: Exsanguinate      ||     1
  Use: Potion            ||     2
 Stab: Sleeping          ||    10
       Invisible         ||     2
Armor: Robe              ||    33
Dodge: Dodged            ||    85
